 Dungeon Crawl Stone Soup version 0.31-a0-105-gc0b45f0da6 (webtiles) character file.

Game seed: 14981584980588688756

68 Colgate the Magician (level 4, -19/33 HPs)
             Began as a Meteoran Necromancer on May 27, 2023.
             Was an Initiate of Kikubaaqudgha.
             Killed from afar by an acid dragon (26 damage)
             ... with a splash of acid
             ... on level 7 of the Dungeon.
             The game lasted 00:07:39 (479 turns).

Colgate the Magician (Meteoran Necromancer)          Turns: 479, Time: 00:07:40

Health: -19/33     AC: -2    Str: 10    XL:     4   Next: 68%
Magic:  1/12       EV: 12    Int: 18    God:    Kikubaaqudgha [......]
Gold:   58         SH:  5    Dex: 14    Spells: 5/13 levels left

rFire   . . .        a - +0 sling
rCold   . . .        (no shield)
rNeg    . . .        j - +0 robe
rPois   .            (no helmet)
rElec   .            (no cloak)
rCorr   .            (no gloves)
SInv    .            (no boots)
Will    .....        d - amulet of reflection
Stlth   +            e - ring of wizardry
HPRegen 0.25/turn    (no ring)
MPRegen 0.13/turn

%: reflection, wizardry (x1)
@: corroded, glowing
A: sense surroundings 1, otherworldly, glowing, explore regen
a: Renounce Religion


You were on level 7 of the Dungeon.
You worshipped Kikubaaqudgha.
Kikubaaqudgha was noncommittal.
You visited 2 branches of the dungeon, and saw 8 of its levels.

You collected 58 gold pieces.

Inventory:

Hand Weapons
 a - a +0 sling (weapon)
 b - a +0 morningstar
 c - a +0 dagger
 f - a +0 spear
 k - a +0 quarterstaff
Armour
 j - a +0 robe (worn)
Jewellery
 d - an amulet of reflection (around neck)
 e - a ring of wizardry (left hand)
Scrolls
 g - a scroll of torment {unknown}
 i - a scroll of summoning {unknown}
 n - a scroll of teleportation {unknown}
Potions
 h - a potion of enlightenment {unknown}
 l - a potion of heal wounds {unknown}
 m - 2 potions of magic


   Skills:
 - Level 2.4 Dodging
 - Level 1.4 Stealth
 - Level 5.2 Spellcasting
 + Level 4.5 Necromancy


You had 5 spell levels left.
You knew the following spells:

 Your Spells              Type           Power      Damage    Failure   Level
a - Necrotise             Necr           84%        1d8       1%          1
b - Vampiric Draining     Necr           21%        2d7       2%          3
c - Animate Dead          Necr           21%        N/A       9%          4

Your spell library contained the following spells:

 Spells                   Type           Power      Damage    Failure   Level
 Agony                    Necr           21%        N/A       22%         5


Dungeon Overview and Level Annotations

Branches:
Dungeon (7/15) Zot: 3763   Temple (1/1) D:6 Zot: 549

Altars:
Ashenzari
Cheibriados
Dithmenos
Gozag
Hepliaklqana
Kikubaaqudgha
Makhleb
Nemelex Xobeh
Ru
Trog
Uskayaw
Vehumet
Wu Jian
Xom
Yredelemnul
Zin
The Shining One


Innate Abilities, Weirdness & Mutations

You passively map a small area around you.
You are easily found by Zot.
You glow in the dark.
You regain HP and MP as you explore.


Message History

The acid dragon roars!
You shoot a sling bullet. The sling bullet hits the acid dragon.
You shoot a sling bullet. The sling bullet hits the acid dragon.
You shoot a sling bullet.
The sling bullet barely misses the acid dragon.
You shoot a sling bullet.
The sling bullet closely misses the acid dragon.
The acid dragon bites you! The acid dragon closely misses you.
Casting: Vampiric Draining (dangerous; 2% risk of failure)
Aiming: Vampiric Draining (dangerous; 2% risk of failure)
Aim: an acid dragon (moderately wounded)
You draw life force from the acid dragon!
You feel life coursing into your body. The acid dragon bites you.
The acid dragon completely misses you.
Casting: Vampiric Draining (dangerous; 2% risk of failure)
Aiming: Vampiric Draining (dangerous; 2% risk of failure)
Aim: an acid dragon (heavily wounded)
You draw life force from the acid dragon.
You feel life coursing into your body. The acid dragon misses you.
The acid dragon closely misses you.
Casting: Vampiric Draining (dangerous; 2% risk of failure)
Aiming: Vampiric Draining (dangerous; 2% risk of failure)
Aim: an acid dragon (severely wounded)
You draw life force from the acid dragon.
You feel life coursing into your body. The acid dragon spits acid at you.
The splash of acid hits you!!
Ouch! That really hurt!
* * * LOW HITPOINT WARNING * * *
The acid corrodes you!
Casting: Vampiric Draining (dangerous; 2% risk of failure)
Aiming: Vampiric Draining (dangerous; 2% risk of failure)
Aim: an acid dragon (severely wounded)
You draw life force from the acid dragon!
You feel life coursing into your body. The acid dragon spits acid at you.
The splash of acid hits you!!
Ouch! That really hurt!
You die...
Kikubaaqudgha rasps: "You have failed me!
Welcome... death!"

.......# ,,
......#, ,
.,*#.....#
,,*
..##.....#
** * *
..$......#
+ ,
.)......)#,
.......D.#
,
#...@.#,,,
, , *
#.....# , ,
.........#,
.........#
,, , , ,
.........#
*
!)##.....#
,, .
*#.....# ,
, * #.....#


You could see an acid dragon (catching breath).

Vanquished Creatures
  A gnoll bouda (D:6)
  2 adders
  An endoplasm (D:2)
  2 giant cockroaches
  2 goblins
  3 hobgoblins (D:2)
  3 jackals
  A kobold (D:1)
  A quokka (D:2)
  2 bats (D:1)
  A frilled lizard (D:2)
  2 rats (D:2)
21 creatures vanquished.

Vanquished Creatures (collateral kills)
  A rat (D:1)
1 creature vanquished.

Grand Total: 22 creatures vanquished

Notes
Turn   | Place    | Note
-------+----------+-------------------------------------------
     0 | D:1      | Colgate the Meteoran Necromancer began the quest for the
                  | Orb.
     0 | D:1      | Reached XP level 1. HP: 14/14 MP: 5/5
    54 | D:2      | Reached skill level 3 in Spellcasting
    58 | D:2      | Reached XP level 2. HP: 20/20 MP: 1/7
   165 | D:1      | Reached skill level 4 in Spellcasting
   165 | D:1      | Reached XP level 3. HP: 26/26 MP: 6/9
   169 | D:1      | Learned a level 3 spell: Vampiric Draining
   280 | D:5      | Entered Level 5 of the Dungeon
   325 | D:6      | Reached skill level 5 in Spellcasting
   325 | D:6      | Reached XP level 4. HP: 18/33 MP: 4/12
   330 | D:6      | Learned a level 4 spell: Animate Dead
   345 | D:6      | Found a staircase to the Ecumenical Temple.
   352 | Temple   | Entered the Ecumenical Temple
   352 | Temple   | Found a transporter.
   352 | Temple   | Found a transporter.
   354 | Temple   | Found a transporter.
   354 | Temple   | Found a transporter.
   387 | Temple   | Became a worshipper of Kikubaaqudgha
   470 | D:7      | Noticed an acid dragon
   479 | D:7      | Killed from afar by an acid dragon

Illustrated notes

Levels and vault maps discovered:
D:1:      co_arrival_square_in_a_square_in_a_square, layout_loops_corners,
          ebering_ecumenical_altar_webs, minmay_tree_intersection,
          minmay_misc_feat_diagonals, minmay_tall_x
D:2:      layout_basic
D:3:      layout_loops_ring, nicolae_overflow_quartered_altars
D:4:      layout_cave_pods, gammafunk_ghost_mausoleum, uniq_edmund
D:5:      layout_basic
D:6:      layout_loops_corners, minmay_temple_entry_statues, serial_aquarium,
          aquarium_bridge_straight [aquarium_subvault_bridge,
          aquarium_subvault_wall, aquarium_subvault_bridge,
          aquarium_subvault_wall], aquarium_bridge_long_separate
          [aquarium_subvault_bridge, aquarium_subvault_bridge,
          aquarium_subvault_bridge, aquarium_subvault_bridge,
          aquarium_subvault_window, aquarium_subvault_bridge],
          aquarium_window_fake, aquarium_window_2, aquarium_window_1,
          aquarium_view_2a, aquarium_view_2d, aquarium_balcony_3b,
          aquarium_pool_side, minmay_a_box_with_orc_wizards_in_it
D:7:      layout_gridville
Temple:   hellmonk_temple_divided_pantheon

Skill      XL: |  1  2  3 |
---------------+----------+-----
Spellcasting   | 3 4 5 |  5.2
Dodging        | |  2.4
Stealth        | |  1.4
Necromancy     | |  4.5

Action                     |  1- 3 |  4- 6 || total
---------------------------+-------+-------++-------
  Melee: Spear             |     1 |       ||     1
         Morningstar       |     1 |     1 ||     2
   Fire: Sling             |    18 |     7 ||    25
   Cast: Necrotise         |    23 |       ||    23
         Vampiric Draining |     4 |     5 ||     9
 Armour: Robe              |     5 |       ||     5
  Dodge: Dodged            |     7 |     5 ||    12
  Block: Other             |     2 |       ||     2

Table legend: (Time is in decaauts)
 A = Elapsed time spent in this place.
 B = Non-inter-level travel time spent in this place.
 C = Inter-level travel time spent in this place.
 D = Time resting spent in this place.
 E = Time spent auto-exploring this place.
 F = Levels seen in this place.
 G = Mean time per level.
                   A        B        C        D        E       F      G
               +--------+--------+--------+--------+--------+-----+--------+
         Total |    486 |    486 |      0 |      0 |      0 |   8 |   60.8 |
       Dungeon |    435 |    435 |      0 |      0 |      0 |   7 |   62.1 |
        Temple |     50 |     50 |      0 |      0 |      0 |   1 |   50.0 |
               +--------+--------+--------+--------+--------+-----+--------+

Top non-repeatable levels by time:
     D:6: 108 daAuts
     D:2: 100 daAuts
     D:3: 85 daAuts
     D:1: 74 daAuts
  Temple: 50 daAuts
     D:5: 33 daAuts
     D:4: 22 daAuts
     D:7: 10 daAuts
